 Dungeon Crawl Stone Soup version 0.20-a0-1116-gaa52201 (webtiles) character file.

6671 namelastname112 the Covert (level 10, -1/86 HPs)
             Began as a Yellow Draconian Assassin on May 7, 2017.
             Was a Believer of Wu Jian.
             Killed from afar by an orc wizard (5 damage)
             ... with a magic dart
             ... on level 9 of the Dungeon.
             The game lasted 00:20:51 (9284 turns).

namelastname112 the Covert (DrAs)                   Turns: 9284, Time: 00:20:51

Health: -1/86      AC: 11    Str: 16    XL:     10   Next: 73%
Magic:  10/10      EV: 17    Int: 13    God:    Wu Jian [**....]
Gold:   469        SH:  0    Dex: 21    Spells: 2/9 levels left

rFire    . . .     SeeInvis .   n - +2 short sword (speed)
rCold    . . .     Gourm    .   (no shield)
rNeg     . . .     Faith    .   (armour unavailable)
rPois    .         Spirit   .   P - +0 hat
rElec    .         Reflect  .   c - +0 cloak
rCorr    +         Harm     .   F - +0 pair of gloves
MR       .....                  E - +1 pair of boots (curse)
Stlth    ++++......             (no amulet)
Regen    0.3/turn               y - +3 ring of slaying
MPRegen  0.2/turn               D - +5 ring of dexterity

@: no status effects
A: spit acid, acid resistance, unfitting armour, clever 1, strong 1,
cold-blooded, AC +7
a: Breathe Acid, Renounce Religion


You were on level 9 of the Dungeon.
You worshipped Wu Jian.
Wu Jian was pleased with you.
You were not hungry.

You visited 2 branches of the dungeon, and saw 10 of its levels.

You collected 469 gold pieces.

Inventory:

Hand Weapons
 b - a +0 blowgun
 n - a +2 short sword of speed (weapon)
 I - a +4 quarterstaff of chaos
Missiles
 d - 60 poisoned needles
 e - 2 curare-tipped needles
 x - 5 needles of paralysis
Armour
 c - a +0 cloak (worn)
 B - a +0 buckler
 E - a cursed +1 pair of boots (worn)
 F - a +0 pair of gloves (worn)
 P - a +0 hat (worn)
Jewellery
 y - a +3 ring of slaying (left hand)
 D - a +5 ring of dexterity (right hand)
 K - an uncursed ring of see invisible
 O - an uncursed ring of protection from cold
Wands
 Q - a wand of disintegration (8/24)
Scrolls
 g - 6 scrolls of identify
 h - 3 scrolls of remove curse
 i - a scroll of immolation {unknown}
 k - 2 scrolls of magic mapping {unknown}
 o - a scroll of fog {unknown}
 p - 2 scrolls of blinking {unknown}
 s - a scroll of noise {unknown}
 t - 3 scrolls of enchant weapon
 u - 3 scrolls of teleportation {unknown}
 v - 4 scrolls of enchant armour
 C - a scroll of random uselessness {unknown}
 J - a scroll of fear {unknown}
 N - 2 scrolls of silence {unknown}
Potions
 j - 3 potions of curing
 l - 2 potions of heal wounds {unknown}
 q - 4 potions of ambrosia {unknown}
 r - 3 potions of agility {unknown}
 w - 2 potions of berserk rage {unknown}
 z - a potion of brilliance {unknown}
 G - a potion of flight {unknown}
 H - 2 potions of lignification {unknown}
Books
 A - a book of Maledictions

   Spells                             Type                      Level
   a - Corona                         Hexes                        1
   b - Ensorcelled Hibernation        Hexes/Ice                    2
   c - Confuse                        Hexes                        3
   d - Tukima's Dance                 Hexes                        3
   e - Dazzling Spray                 Conjuration/Hexes            3
 L - a book of Necromancy

   Spells                             Type                      Level
   a - Pain                           Necromancy                   1
   b - Animate Skeleton               Necromancy                   1
   c - Vampiric Draining              Necromancy                   3
   d - Regeneration                   Charms/Necromancy            3
   e - Animate Dead                   Necromancy                   4
   f - Control Undead                 Necromancy                   4
 M - a book of Debilitation

   Spells                             Type                      Level
   a - Corona                         Hexes                        1
   b - Slow                           Hexes                        2
   c - Inner Flame                    Hexes/Fire                   3
   d - Portal Projectile              Hexes/Translocation          3
   e - Cause Fear                     Hexes                        4
   f - Leda's Liquefaction            Hexes/Earth                  4
 R - a book of Minor Magic

   Spells                             Type                      Level
   a - Magic Dart                     Conjuration                  1
   b - Blink                          Translocation                2
   c - Call Imp                       Summoning                    2
   d - Slow                           Hexes                        2
   e - Conjure Flame                  Conjuration/Fire             3
   f - Mephitic Cloud                 Conjuration/Poison/Air       3
Comestibles
 a - a royal jelly
 f - 4 bread rations
 m - 6 meat rations
 S - 2 chunks of flesh


   Skills:
 + Level 7.4 Fighting
 + Level 8.6 Short Blades
 - Level 4.0 Throwing
 + Level 6.0 Dodging
 + Level 8.9 Stealth
 + Level 5.9 Shields


You had 2 spell levels left.
You knew the following spells:

 Your Spells              Type           Power        Failure   Level  Hunger
a - Ensorcelled Hibernat  Hex/Ice        #.....       43%         2    ###....
b - Confuse               Hex            #.......     67%         3    ####...
c - Blink                 Tloc           N/A          43%         2    ###....


Dungeon Overview and Level Annotations

Branches:
Dungeon (9/15)             Temple (1/1) D:6            Lair (0/6) D:8
    Orc: D:9-12

Altars:
Ashenzari
Cheibriados
Dithmenos
Elyvilon
Fedhas
Gozag
Hepliaklqana
Kikubaaqudgha
Makhleb
Nemelex Xobeh
Okawaru
Qazlal
Ru
Sif Muna
Trog
Uskayaw
Vehumet
Wu Jian
Xom
Yredelemnul
Zin
The Shining One

Shops:
D:4 =   D:6 =


Innate Abilities, Weirdness & Mutations

You can spit globs of acid.
You are resistant to acid.
Your golden yellow scales are hard. (AC +7)
You cannot fit into any form of body armour.
You are cold-blooded and may be slowed by cold attacks.
Your mind is acute. (Int +2)
Your muscles are strong. (Str +2)


Message History

The magic dart hits you!
* * * LOW HITPOINT WARNING * * *
The orc warrior completely misses you.
You take 4 damage, and have 3/86 hp.
You spin and attack the orc wizard repeatedly.
You hit the orc wizard.
The orc wizard is moderately wounded.
You puncture the orc wizard!
You tail-slap the orc wizard, but do no damage.
The orc wizard is severely wounded.
The orc wizard closely misses you.
You spin and attack the orc wizard repeatedly.
You closely miss the orc wizard.
The orc wizard is severely wounded.
You hit the orc wizard but do no damage.
You tail-slap the orc wizard.
The orc wizard is almost dead.
The orc wizard points at you and mumbles some strange words.
The magic dart hits you!
You die...

......_.....#.........#........
.....⌠.⌠....#.........#........
.......#....#.....<...#........
.......#....'.........#........ #
.......'....#........)#........
##+########..##.........#'##.....
.........##..#.............######
.........#...#.............#
.........#...#..@..........#
o........#...#.ooo.........#
o...)...o#####o............# ####
######.)......oo.)########## #..#
# #.........o..# #... #
#............# #... #
#............# #... #
#............# #.(. #
#............### ####+#


You could see 2 orc warriors, an orc wizard and 4 orcs.

Vanquished Creatures
  3 two-headed ogres
  Joseph (D:8)
  A troll (D:8)
  2 hippogriffs
  Eustachio (D:5)
  Menkaure (D:7)
  A sky beast (D:9)
  A black bear (D:8)
  Duvessa (D:5)
  3 phantoms
  An ice beast (D:6)
  4 orc warriors
  6 ogres
  A wolf (D:8)
  2 centaurs
  3 bullfrogs
  2 big kobolds (D:7)
  A gnoll sergeant (D:5)
  Dowan (D:5)
  A scorpion (D:7)
  4 killer bees (D:8)
  A howler monkey (D:7)
  An electric eel (D:8)
  A bullfrog zombie (D:7)
  A jelly (D:7)
  A quasit (D:7)
  9 hounds
  4 orc priests
  A bullfrog skeleton (D:8)
  A centaur skeleton (D:8)
  Crazy Yiuf (D:5)
  An iguana (D:8)
  Natasha (D:4)
  6 orc wizards
  A worker ant (D:5)
  A howler monkey zombie (D:6)
  A hound skeleton (D:4)
  7 adders
  8 gnolls
  3 shadow imps
  An adder zombie (D:9)
  A worm (D:4)
  2 dart slugs
  4 leopard geckos
  40 orcs
  2 ball pythons
  A bat zombie (D:3)
  8 giant cockroaches
  10 hobgoblins
  A jackal (D:5)
  21 kobolds
  5 quokkas
  4 bats
  3 frilled lizards
  5 goblins
  A leopard gecko skeleton (D:4)
  A leopard gecko zombie (D:6)
  2 quokka skeletons
  6 rats
  A rat zombie (D:3)
210 creatures vanquished.

Vanquished Creatures (others)
  An orc (D:8)
1 creature vanquished.

Grand Total: 211 creatures vanquished

Notes
Turn   | Place    | Note
-------+----------+-------------------------------------------
     0 | D:1      | namelastname112 the Draconian Assassin began the quest for the Orb.
     0 | D:1      | Reached XP level 1. HP: 17/17 MP: 1/1
    11 | D:1      | Reached skill level 1 in Dodging
   168 | D:1      | Reached XP level 2. HP: 17/24 MP: 2/2
   806 | D:2      | Reached XP level 3. HP: 23/30 MP: 3/3
  1492 | D:3      | Reached XP level 4. HP: 23/37 MP: 4/4
  1763 | D:3      | Found a glowing golden altar of the Shining One.
  2198 | D:3      | Found an ancient bone altar of Kikubaaqudgha.
  2378 | D:3      | Found a burning altar of Makhleb.
  2388 | D:3      | Reached XP level 5. HP: 42/44 MP: 5/5
  2395 | D:3      | epen: Погнали новым
  2395 | D:3      | epen: чё
  2447 | D:3      | namelastname112: кем
  2447 | D:3      | namelastname112: богом?
  2450 | D:4      | Found Riesh's Jewellery Shoppe.
  2453 | D:4      | epen: прыгуном
  2998 | D:4      | Noticed an ogre
  2999 | D:4      | epen: смотри
  2999 | D:4      | Noticed Natasha
  3009 | D:4      | epen: старый добрый молтен
  3034 | D:4      | HP: 1/45 [ogre/giant club (26)]
  3041 | D:4      | epen: ебать
  3043 | D:3      | epen: лол
  3375 | D:4      | epen: 1 дмг оф литал
  3432 | D:4      | epen: палок-то нет?
  3453 | D:4      | Killed an ogre
  3453 | D:4      | Reached XP level 6. HP: 50/51 MP: 6/6
  3503 | D:4      | Found an iron altar of Okawaru.
  3513 | D:4      | epen: не
  3516 | D:4      | namelastname112: опа
  3611 | D:4      | Killed Natasha
  3611 | D:4      | Reached skill level 5 in Stealth
  3668 | D:4      | epen: давай к ксому
  3729 | D:5      | Entered Level 5 of the Dungeon
  3790 | D:5      | epen: или давай старый добрый чеи
  3803 | D:5      | namelastname112: >as of chei
  3937 | D:5      | Your scales start taking on a golden yellow colour.
  3937 | D:5      | Reached XP level 7. HP: 57/57 MP: 7/7
  3944 | D:5      | epen: ооо
  3947 | D:5      | epen: заебись
  3993 | D:5      | Noticed Eustachio
  4005 | D:5      | epen: ебать
  4005 | D:5      | Killed Eustachio
  4007 | D:5      | epen: +5
  4040 | D:5      | epen: слыш
  4040 | D:5      | epen: перчатки скипнул
  4040 | D:5      | epen: да
  4241 | D:5      | Found a shadowy altar of Dithmenos.
  4306 | D:5      | Reached skill level 1 in Shields
  4333 | D:5      | namelastname112: ммм
  4333 | D:5      | namelastname112: дис
  4336 | D:5      | Learned a level 2 spell: Ensorcelled Hibernation
  4336 | D:5      | epen: не
  4340 | D:5      | Learned a level 3 spell: Confuse
  4362 | D:5      | Noticed Dowan
  4363 | D:5      | epen: ну какой енчантер
  4435 | D:5      | Noticed Duvessa
  4443 | D:5      | epen: казуал мод
  4453 | D:5      | Killed Duvessa
  4453 | D:5      | Reached skill level 5 in Short Blades
  4463 | D:5      | Killed Dowan
  4595 | D:5      | Found a runed door.
  4599 | D:5      | Noticed Crazy Yiuf
  4603 | D:5      | Killed Crazy Yiuf
  4692 | D:6      | Found a staircase to the Ecumenical Temple.
  4714 | D:6      | Found a hide-covered altar of Uskayaw.
  4726 | Temple   | Entered the Ecumenical Temple
  4923 | Temple   | Became a worshipper of the Wu Jian Council
  4985 | D:6      | Reached XP level 8. HP: 37/66 MP: 8/8
  5088 | D:6      | epen: опа
  5105 | D:6      | epen: чё за бог
  5109 | D:6      | epen: покажи
  5109 | D:6      | epen: ммм
  5117 | D:6      | Found Qem Yvuz's Jewellery Shoppe.
  5133 | D:6      | epen: монах что ли?
  5133 | D:6      | epen: или типа того
  5140 | D:6      | namelastname112: ага
  5140 | D:6      | namelastname112: каратист
  5163 | D:6      | epen: выебут
  5767 | D:6      | epen: бля
  5903 | D:6      | epen: а вот почему корр рабготает на нежить?
  5969 | D:6      | namelastname112: ну
  5969 | D:6      | namelastname112: кожа отваливается
  6288 | D:7      | Found a glowing silver altar of Zin.
  6311 | D:7      | Reached * piety under Wu Jian
  6389 | D:7      | Gained mutation: Your mind is acute. (Int +2) [potion of mutation]
  6389 | D:7      | Gained mutation: Your muscles are strong. (Str +2) [potion of mutation]
  6412 | D:7      | epen: у ебать
  6446 | D:6      | epen: бля
  6446 | D:6      | namelastname112: прикольно
  6446 | D:6      | epen: а нажми tt
  6446 | D:6      | namelastname112: в сторону отходишь
  6446 | D:6      | epen: скок нойза будет
  6446 | D:6      | namelastname112: они умирают
  6687 | D:7      | epen: а как его полностью забить
  6690 | D:7      | epen: ?
  6710 | D:7      | Reached XP level 9. HP: 66/73 MP: 9/9
  6720 | D:7      | epen: в драгон форме наверное
  6789 | D:7      | Reached skill level 5 in Fighting
  7053 | D:7      | namelastname112: или свиток
  7053 | D:7      | namelastname112: нойза
  7053 | D:7      | namelastname112: хз
  7053 | D:7      | epen: блять
  7076 | D:7      | epen: все пидорасы играют на мурлок паладинах
  7120 | D:7      | epen: это пиздец просто
  7392 | D:7      | Found a sacrificial altar of Ru.
  7440 | D:7      | Noticed Menkaure
  7446 | D:7      | Killed Menkaure
  7756 | D:8      | Noticed a troll
  7908 | D:8      | Found a staircase to the Lair.
  7917 | D:8      | Noticed a two-headed ogre
  8047 | D:8      | epen: выебут
  8067 | D:8      | Reached ** piety under Wu Jian
  8175 | D:8      | Killed a two-headed ogre
  8175 | D:8      | Reached skill level 5 in Dodging
  8175 | D:8      | Reached XP level 10. HP: 55/83 MP: 10/10
  8364 | D:8      | Noticed Joseph
  8372 | D:8      | Killed Joseph
  8444 | D:8      | epen: шляпа
  8447 | D:8      | Learned a level 2 spell: Blink
  8500 | D:8      | epen: а
  8535 | D:8      | Reached skill level 5 in Shields
  8612 | D:8      | epen: слыш
  8626 | D:8      | epen: а за что пити дают?
  8775 | D:8      | namelastname112: киллы
  8775 | D:8      | namelastname112: как обычно
  8775 | D:8      | epen: скучно
  8814 | D:8      | Found a deep blue altar of Sif Muna.
  8833 | D:9      | Noticed a two-headed ogre
  8835 | D:9      | epen: а за что отнимают?
  8836 | D:9      | Killed a two-headed ogre
  8858 | D:9      | Found a sparkling altar of Nemelex Xobeh.
  8935 | D:9      | Noticed a two-headed ogre
  8962 | D:9      | Killed a two-headed ogre
  9200 | D:9      | epen: погнали до 15-го
  9281 | D:9      | HP: 3/86 [orc wizard/magic dart (4)]
  9284 | D:9      | Killed from afar by an orc wizard

Vault maps used:
D:1:      dpeg_arrival_court
D:2:      grunt_decor_one_mirror, st_stairs_7
D:3:      makhleb_blood_cavern_becter, tso_altar,
          lemuel_zombie_altar_kikubaaqudgha
D:4:      okawaru_gym_becter, serial_shops, nicolae_shop_stone, first_bread,
          uniq_natasha
D:5:      marbit_many_paths, uniq_duvessa, uniq_crazy_yiuf_cottage,
          uniq_eustachio
D:6:      lemuel_doored_altar, minmay_temple_entry_hall, serial_shops,
          nicolae_shop_trees
D:7:      zin_academy, nicolae_overflow_crystal_walls, uniq_menkaure
D:8:      lemuel_crystal_altar, erik_lair_island, uniq_joseph
D:9:      nemelex_xobeh_ov_fountains_minmay, david_orc_4
Temple:   hc_temple_tempest_star

Skill      XL: |  1  2  3  4  5  6  7  8  9 10 |
---------------+-------------------------------+-----
Dodging        | 1 2 3 5 6 |  6.0
Throwing       | 2 3 4 |  4.0
Short Blades   | 3 4 5 6 7 8 |  8.6
Stealth        | 4 5 6 7 8 |  8.9
Fighting       | 3 4 6 7 |  7.4
Shields        | 1 3 4 5 |  5.9

Action                   |  1- 3 |  4- 6 |  7- 9 | 10-12 || total
-------------------------+-------+-------+-------+-------++-------
Melee: Dagger            |   114 |   218 |   272 |       ||   604
       Tailslap          |     9 |    28 |    81 |    37 ||   155
       Short sword       |       |       |   127 |   136 ||   263
 Fire: Blowgun           |       |     6 |     6 |       ||    12
 Abil: Breathe Acid      |       |       |    18 |     6 ||    24
  Use: Scroll            |       |     3 |     2 |       ||     5
       Potion            |       |     2 |     2 |     1 ||     5
 Stab: Sleeping          |     7 |     6 |     7 |     3 ||    23
       Distracted        |       |       |     1 |       ||     1
  Eat: Chunk             |     1 |     8 |     8 |     5 ||    22
       Royal jelly       |       |       |     2 |       ||     2
       Meat ration       |       |       |     1 |       ||     1
Armor: Skin              |    34 |    51 |   103 |    27 ||   215
Dodge: Dodged            |    74 |   133 |   253 |    71 ||   531
